 Dungeon Crawl Stone Soup version 0.30-a0-359-gd0147acb1a (webtiles) character file.

Game seed: 15077671437775947498

1054 spirit192 the Poker (level 8, -3/103 HPs)
             Began as a Green Draconian Berserker on Nov 12, 2022.
             Was a Priest of Trog.
             Slain by an orc warrior
             ... wielding a +0 battleaxe
              (6 damage)
             ... on level 5 of the Dungeon.
             The game lasted 00:41:30 (7586 turns).

spirit192 the Poker (Green Draconian Berserker)     Turns: 7586, Time: 00:41:31

Health: -3/103     AC: 10    Str: 22    XL:     8   Next: 5%
Magic:  8/8        EV: 11    Int: 14    God:    Trog [***...]
Gold:   314        SH:  6    Dex: 10    Spells: 7/7 levels left

rFire   . . .      SeeInvis .    a - +0 spear
rCold   . . .      Faith    .    E - +0 kite shield
rNeg    . . .      Spirit   .    (body armour unavailable)
rPois   +          Reflect  .    (helmet restricted)
rElec   .          Harm     .    (no cloak)
rCorr   .          Rampage  .    d - +0 pair of gloves
Will    .....                    D - +2 pair of boots
Stlth   ..........               (no amulet)
HPRegen 0.37/turn                m - +6 ring of intelligence
MPRegen 0.11/turn                (no ring)

@: berserking, very quick
A: breathe noxious fumes, AC +6, unfitting armour, poison resistance,
cold-blooded
a: Breathe Noxious Fumes, Renounce Religion, Berserk, Trog's Hand


You were on level 5 of the Dungeon.
You worshipped Trog.
Trog was most pleased with you.
You visited 2 branches of the dungeon, and saw 7 of its levels.

You collected 314 gold pieces.

Inventory:

Hand Weapons
 a - a +0 spear (weapon)
Missiles
 g - 6 boomerangs of dispersal
 h - 2 silver boomerangs (quivered)
 w - 4 boomerangs
Armour
 d - a +0 pair of gloves (worn)
 s - an orb of mayhem
 D - a +2 pair of boots (worn)
 E - a +0 kite shield (worn)
Jewellery
 m - a +6 ring of intelligence (left hand)
Wands
 f - a wand of iceblast (13)
 y - a wand of light (3)
 B - a wand of charming (14)
Scrolls
 b - a scroll of vulnerability
 c - a scroll of identify
 e - 2 scrolls of teleportation
 i - a scroll of enchant weapon {unknown}
 j - a scroll of fog
 l - a scroll of magic mapping {unknown}
 p - a scroll of poison
 v - a scroll of enchant armour {unknown}
 x - a scroll of torment {unknown}
 A - a scroll of fear {unknown}
Potions
 k - 2 potions of brilliance
 n - 2 potions of invisibility
 o - a potion of heal wounds {unknown}
 q - a potion of magic
 r - a potion of haste {unknown}
 t - 2 potions of lignification {unknown}
 u - 2 potions of curing {unknown}
 z - 2 potions of flight
 C - 2 potions of might {unknown}


   Skills:
 + Level 5.6 Fighting
 + Level 7.3 Polearms
 + Level 4.5 Dodging
 + Level 2.4 Stealth
 + Level 1.1 Shields


You had 7 spell levels left.
You didn't know any spells.
Your spell library was empty.

Dungeon Overview and Level Annotations

Branches:
Dungeon (6/15)             Temple (1/1) D:4

Altars:
Dithmenos
Elyvilon
Fedhas
Gozag
Hepliaklqana
Kikubaaqudgha
Makhleb
Nemelex Xobeh
Okawaru
Qazlal
Ru
Sif Muna
Uskayaw
Vehumet
Wu Jian
Xom
Yredelemnul
The Shining One

Shops:
D:5 !


Innate Abilities, Weirdness & Mutations

You can breathe blasts of noxious fumes.
Your lurid green scales are hard. (AC +6)
You cannot fit into any form of body armour.
Your system is resistant to poisons. (rPois)
You are cold-blooded and may be slowed by cold attacks.


Message History

The orc warrior is lightly wounded.
You block the orc warrior's attack.
You barely miss the orc warrior.
You tail-slap the orc warrior, but do no damage.
The orc warrior is lightly wounded.
The orc warrior barely misses you.
You hit the orc warrior but do no damage.
The orc warrior is lightly wounded.
The orc warrior hits you with a +0 battleaxe!
You are too injured to fight recklessly!
You are too injured to fight recklessly!
You are too injured to fight recklessly!
You are too injured to fight recklessly!
You are too injured to fight recklessly!
You are too injured to fight recklessly!
You puncture the orc warrior!
The orc warrior is moderately wounded.
The orc warrior hits you with a +0 battleaxe.
You hit the orc warrior but do no damage.
The orc warrior is moderately wounded.
The orc warrior misses you.
You hit the orc warrior.
Your tail-slap misses the orc warrior.
The orc warrior is moderately wounded.
The orc warrior hits you with a +0 battleaxe!!
* * * LOW HITPOINT WARNING * * *
A red film seems to cover your vision as you go berserk!
You feel yourself moving faster!
You feel mighty!
The orc warrior hits you with a +0 battleaxe!
* * * LOW HITPOINT WARNING * * *
You are too injured to fight recklessly!
You are too injured to fight recklessly!
You hit the orc warrior. You tail-slap the orc warrior.
The orc warrior is heavily wounded.
You block the orc warrior's attack.
You barely miss the orc warrior.
The orc warrior is heavily wounded.
You hit the orc warrior. You tail-slap the orc warrior.
The orc warrior is severely wounded.
The orc warrior hits you with a +0 battleaxe.
You die...

#.#### #....## ####..## ##..#
##.# #.##########
######....[.....##
....#............##
................@.#
.................o# ##### #
..................# ##...##.
..................# ##.......
..................# #....)...
....#............## #........
....##..........#########.....<..
....#######.#####................
.....# #..#####)#########...##.


You could see an orc warrior.

Vanquished Creatures
  2 ogres (D:5)
  2 phantoms
  A bullfrog (D:5)
  A necrophage (D:6)
  A scorpion (D:4)
  An orc priest (D:5)
  A gnoll bouda (D:6)
  2 hounds (D:5)
  Jessica (D:2)
  Terence (D:2)
  2 iguanas (D:6)
  An orc wizard (D:5)
  Robin (D:2)
  8 adders
  10 gnolls
  2 shadow imps
  3 worms
  3 dart slugs
  9 orcs
  4 ball pythons
  7 endoplasms
  A giant cockroach (D:1)
  14 goblins
  5 hobgoblins
  2 jackals (D:1)
  7 quokkas
  4 bats
  9 frilled lizards
  9 kobolds
  3 rats
117 creatures vanquished.

Notes
Turn   | Place    | Note
-------+----------+-------------------------------------------
     0 | D:1      | spirit192 the Draconian Berserker began the quest for the
                  | Orb.
     0 | D:1      | Reached XP level 1. HP: 19/19 MP: 1/1
   170 | D:1      | Reached XP level 2. HP: 24/26 MP: 2/2
   658 | D:1      | Reached XP level 3. HP: 33/33 MP: 3/3
   885 | D:2      | Noticed Robin
   902 | D:2      | Reached ** piety under Trog
   916 | D:2      | Killed Robin
  1062 | D:2      | Noticed Terence
  1074 | D:2      | Killed Terence
  1075 | D:2      | Reached skill level 4 in Polearms
  1075 | D:2      | Reached XP level 4. HP: 35/40 MP: 4/4
  1460 | D:2      | Identified the +5 rapier of Dishonesty {flame, rF+ rC-
                  | Str+6 Stlth-}
  1919 | D:2      | Noticed Jessica
  1929 | D:2      | Killed Jessica
  2051 | D:3      | Reached XP level 5. HP: 46/46 MP: 5/5
  2079 | D:3      | Noticed a phantom
  2099 | D:3      | Killed a phantom
  2100 | D:3      | Reached skill level 5 in Polearms
  2100 | D:3      | Reached skill level 1 in Stealth
  2414 | D:3      | Found a burning altar of Makhleb.
  3171 | D:4      | Reached XP level 6. HP: 30/53 MP: 6/6
  4368 | D:4      | Found an opulent altar of Gozag.
  4397 | D:4      | Found an ancient bone altar of Kikubaaqudgha.
  4485 | D:4      | Found a staircase to the Ecumenical Temple.
  4501 | D:4      | Noticed a steam dragon
  5168 | Temple   | Entered the Ecumenical Temple
  5319 | D:5      | Entered Level 5 of the Dungeon
  5331 | D:5      | Reached skill level 6 in Polearms
  5561 | D:5      | Your scales start taking on a lurid green colour.
  5561 | D:5      | Reached XP level 7. HP: 50/60 MP: 7/7
  5561 | D:5      | Gained mutation: Your system is resistant to poisons.
                  | (rPois) [Green Draconian growth]
  5839 | D:5      | Reached skill level 5 in Fighting
  5863 | D:5      | Found Bybboe's Distillery.
  6291 | D:5      | Reached *** piety under Trog
  6386 | D:5      | Found a white marble altar of Elyvilon.
  7254 | D:6      | Noticed a cyclops
  7262 | D:5      | Reached skill level 7 in Polearms
  7420 | D:6      | Noticed a troll
  7552 | D:6      | Reached skill level 1 in Shields
  7552 | D:6      | Reached XP level 8. HP: 61/69 MP: 8/8
  7583 | D:5      | HP: 2/103 [orc warrior/+0 battleaxe (14)]
  7586 | D:5      | Slain by an orc warrior

Illustrated notes

Levels and vault maps discovered:
D:1:      minmay_arrival_stone_box, layout_rooms, minmay_three_crescents
D:2:      layout_loops_corners, shapermc_ecumenical_altar_mp_highgroup,
          kennysheep_jessica_study, uniq_terence, uniq_robin
D:3:      layout_rooms, bloody_makhleb, kennysheep_generic_room_8
D:4:      layout_loops_cross, nicolae_overflow_hidden_temple,
          mainiacjoe_overflow_small_starburst, minmay_temple_entry_hall,
          serial_glass, glass_columns_a, glass_columns_a, lightli_corner_chamber
D:5:      minmay_angry_zag, layout_rooms, general_overflow_altar, serial_shops,
          nicolae_inconvenience_store, serial_glass, glass_columns_b,
          glass_columns_c
D:6:      hangedman_cross_stitches, layout_loops_ring, ashenzari_altar_1,
          nicolae_eternal_life
Temple:   nicolae_temple_superstar

Skill      XL: |  1  2  3  4  5  6  7 |
---------------+----------------------+-----
Dodging        | 3 4 |  4.5
Fighting       | 4 5 |  5.6
Polearms       | 4 5 6 7 |  7.3
Stealth        | 1 2 |  2.4
Shields        | 1 |  1.1

Action                   |  1- 3 |  4- 6 |  7- 9 || total
-------------------------+-------+-------+-------++-------
Melee: Spear             |   124 |   217 |   164 ||   505
       Tailslap          |    10 |    31 |    25 ||    66
       Punch             |       |     2 |       ||     2
Invok: Berserk           |     1 |     1 |     2 ||     4
 Abil: Breathe Noxious F |       |       |     1 ||     1
  Use: Scroll            |     1 |     1 |     7 ||     9
 Stab: Sleeping          |     1 |     4 |       ||     5
       Confused          |       |       |     1 ||     1
Armor: Skin              |    24 |    37 |    66 ||   127
Dodge: Dodged            |    70 |    65 |    75 ||   210
Block: Kite shield       |       |       |    53 ||    53

Table legend: (Time is in decaauts)
 A = Elapsed time spent in this place.
 B = Non-inter-level travel time spent in this place.
 C = Inter-level travel time spent in this place.
 D = Time resting spent in this place.
 E = Time spent auto-exploring this place.
 F = Levels seen in this place.
 G = Mean time per level.
                   A        B        C        D        E       F      G
               +--------+--------+--------+--------+--------+-----+--------+
         Total |   7562 |   7562 |      0 |   2961 |      0 |   7 | 1080.3 |
       Dungeon |   7460 |   7460 |      0 |   2961 |      0 |   6 | 1243.3 |
        Temple |    102 |    102 |      0 |      0 |      0 |   1 |  102.0 |
               +--------+--------+--------+--------+--------+-----+--------+

Top non-repeatable levels by time:
     D:5: 2154 daAuts
     D:4: 2088 daAuts
     D:2: 1118 daAuts
     D:3: 1112 daAuts
     D:1: 872 daAuts
     D:6: 114 daAuts
  Temple: 102 daAuts
